 Dungeon Crawl Stone Soup version 0.31-a0-246-g8cbcc1cb85 (webtiles) character file.

Game seed: 4241097373727392935

20311 gruber the Grappler (level 12, -3/146 HPs)
             Began as a Troll Shapeshifter on July 12, 2023.
             Was a High Priest of Okawaru.
             Succumbed to a green ugly thing's poison
             ... on level 13 of the Dungeon.
             The game lasted 00:17:21 (10929 turns).

gruber the Grappler (Troll Shapeshifter)           Turns: 10929, Time: 00:17:22

Health: -3/146     AC:  9    Str: 39    XL:     12   Next: 44%
Magic:  0/17       EV:  6    Int:  6    God:    Okawaru [*****.]
Gold:   951        SH:  0    Dex: 10    Spells: 11/11 levels left

rFire   . .          .
                       - Unarmed
rCold   . . .        (shield currently unavailable)
rNeg    . . .        Q - melded +1 robe {Will+}
rPois   .            P - melded +1 hat of the Catfish {rPois}
rElec   .            (cloak currently unavailable)
rCorr   .            (gloves unavailable)
SInv    +            (boots unavailable)
Will    .....        x - amulet of guardian spirit
Stlth   +++          v - ring of flight
HPRegen 1.24/turn    M - +6 ring of strength
MPRegen 0.15/turn

%: guardian spirit
@: lethally poisoned (-3 -> -16), snake-form, heroic, flying, held
A: constrict, amphibious, boosted hp, large, unfitting armour, (claws 3),
regeneration 1, (shaggy fur 1), (tough skin 1)
a: Renounce Religion, Heroism, Finesse, Duel


You were on level 13 of the Dungeon.
You worshipped Okawaru.
Okawaru was extremely pleased with you.
You were an enormous anaconda.
You visited 2 branches of the dungeon, and saw 14 of its levels.

You collected 951 gold pieces.

Inventory:

Hand Weapons
 R - a +2 longbow of freezing
Missiles
 j - 5 atropa-tipped darts
 k - 6 javelins
 J - a throwing net
Armour
 a - a +0 animal skin
 P - the +1 hat of the Catfish (melded) {rPois}
   (Okawaru gifted it to you on level 12 of the Dungeon)

   rPois:     It protects you from poison.
 Q - a +1 robe of willpower (melded)
Jewellery
 v - a ring of flight (left hand)
 x - an amulet of guardian spirit (around neck)
 D - a ring of see invisible
 L - a ring of poison resistance
 M - a +6 ring of strength (right hand)
 N - a ring of ice
Talismans
 c - a beast talisman
 t - a serpent talisman
Wands
 u - a wand of polymorph (9)
 G - a wand of light (4)
Scrolls
 d - 2 scrolls of revelation
 e - 19 scrolls of identify
 f - a scroll of enchant armour {unknown}
 g - 3 scrolls of enchant weapon {unknown}
 l - 2 scrolls of brand weapon {unknown}
 p - 3 scrolls of fear {unknown}
 q - 4 scrolls of noise
 r - 2 scrolls of fog {unknown}
 y - a scroll of blinking {unknown}
 z - a scroll of vulnerability {unknown}
 B - 3 scrolls of teleportation {unknown}
 C - a scroll of poison {unknown}
 E - a scroll of silence {unknown}
 F - a scroll of amnesia {unknown}
 H - a scroll of torment {unknown}
Potions
 b - 6 potions of lignification
 h - 3 potions of enlightenment {unknown}
 i - 4 potions of heal wounds
 m - 4 potions of might
 n - 4 potions of mutation {unknown}
 o - 7 potions of curing
 s - a potion of invisibility {unknown}
 w - 2 potions of magic {unknown}
 A - a potion of berserk rage {unknown}
 I - a potion of attraction {unknown}
 K - a potion of ambrosia {unknown}
 O - a potion of cancellation {unknown}
Miscellaneous
 S - a phial of floods
 T - a condenser vane


   Skills:
 - Level 8.6(13.6) Fighting
 * Level 3.1(8.1) Dodging
 - Level 12.2(17.2) Unarmed Combat
 - Level 8.1 Invocations
 - Level 9.3 Shapeshifting


You had 11 spell levels left.
You didn't know any spells.
Your spell library contained the following spells:

 Spells                   Type           Power      Damage    Failure   Level
 Sandblast                Erth           0%         2d4       95%         1
 Slow                     Hex            0%         N/A       95%         1
 Momentum Strike          Conj/Tloc      0%         3d8       98%         2
 Passwall                 Tmut/Erth      0%         N/A       98%         2
 Scorch                   Fire           0%         2d5       98%         2
 Confusing Touch          Hex            0%         N/A       99%         3
 Stone Arrow              Conj/Erth      0%         3d7       99%         3
 Teleport Other           Tloc           0%         N/A       99%         3
 Vampiric Draining        Necr           0%         2d6       99%         3
 Flame Wave               Conj/Fire      0%         2d4       100%        4
 Fireball                 Conj/Fire      0%         3d3       100%        5
 Iskenderun's Battlesphe  Conj           0%         2d6       100%        5
 Conjure Ball Lightning   Conj/Air       0%         3x3d6     100%        6
 Dispersal                Tloc           0%         N/A       100%        6
 Orb of Destruction       Conj           0%         9d5       100%        7
 Summon Cactus Giant      Summ           Unusable   N/A       N/A         6
 Dragon's Call            Summ           Unusable   N/A       N/A         9

Dungeon Overview and Level Annotations

Branches:
Dungeon (13/15)            Temple (1/1) D:5            Lair (0/5) D:8
    Orc (0/2) D:12         Vaults (0/5) D:13

Altars:
Ashenzari
Cheibriados
Dithmenos
Elyvilon
Fedhas
Gozag
Hepliaklqana
Kikubaaqudgha
Makhleb
Nemelex Xobeh
Okawaru
Qazlal
Ru
Sif Muna
Trog
Uskayaw
Vehumet
Wu Jian
Xom
Yredelemnul
Zin
The Shining One

Shops:
D:1 *   D:4 !   D:10 :   D:11 =


Innate Abilities, Weirdness & Mutations

You are an enormous anaconda.
You have a powerful constriction melee attack.
You are amphibious.
Your maximum health is increased.
Your spellcasting is less reliable in this form.
Your armour is entirely melded.
You are incapable of wielding weapons or throwing items.
You are too large for most types of armour.
((You have claws for hands.))
Your natural rate of healing is unusually fast.
((You are covered in fur. (AC +1)))
((You have tough skin. (AC +1)))


Message History

Unknown command.
Unknown command.
The web tears apart.
The human changes into a wyvern!
The jumping spider misses you. The jumping spider closely misses you.
The green ugly thing gores you but does no damage.
Unknown command.
Unknown command.
You closely miss the jumping spider. You grab the jumping spider.
You constrict the jumping spider.
The slime creature changes into a skyshark!
The jumping spider struggles to leap free from constriction.
Unknown command.
You hit the jumping spider but do no damage.
The jumping spider is lightly wounded.
You constrict the jumping spider.
The wyvern bites you but does no damage.
The jumping spider pounces on you!
* * * LOW HITPOINT WARNING * * *
The jumping spider bites you but does no damage.
The green ugly thing gores you but does no damage.
Unknown command.
As you read the scroll labelled NIDDE ISOYGUAD, it crumbles to dust.
It is a scroll of identify.
q - 4 scrolls of noise You constrict the jumping spider.
The wyvern closely misses you. The jumping spider pounces on you!
* * * LOW HITPOINT WARNING * * *
You are caught in a web!
The jumping spider bites you but does no damage.
The green ugly thing gores you!
* * * LOW HITPOINT WARNING * * *
You are lethally poisoned!
The green ugly thing poisons you! The wyvern barely misses you.
The jumping spider pounces on you!
* * * LOW HITPOINT WARNING * * *
The jumping spider bites you but does no damage.
As you read the scroll labelled HYOTZE AVEE, it crumbles to dust.
You feel aware of your surroundings.
You sensed 1 shop/portal.
It was a scroll of revelation.
You constrict the jumping spider!
You die...

*,,,,,,,,* *,*
#######........* **,*
#..............*# *,,*
#.......#.#....Y#**,**
#.........#∩.....**,****
#.......#.###...,,<,,,,,
#................,,,,,,,
#.......#.#.#....,,,,,,,
#......Su.lC"....,,,,,,,
#...$.s.l.....#..,,,,,,,
#.......<.....#,,,,,,,,,
#......!.../..#*,,,,,,,,
#.............#*,,,,,,,,
###############*********
############### **
############### *,
******+


You could see a skyshark shaped shifter, a green ugly thing, a cyclops, a
jumping spider and a wyvern shaped shifter.

Vanquished Creatures
  Gastronok (D:8)
  Fannar (D:11)
  2 boulder beetles (D:12)
  3 two-headed ogres
  A centaur warrior (D:12)
  A deep elf pyromancer (D:12)
  Pikel (D:9)
  An ugly thing (D:10)
  A cyclops (D:12)
  An elephant (D:8)
  An unseen horror (D:10)
  Psyche (D:11)
  2 kobold demonologists (D:11)
  4 trolls
  2 polar bears (D:12)
  A hornet (D:8)
  Grinder (D:6)
  A centaur simulacrum (D:12)
  A vampire (D:11)
  A water elemental (D:12)
  11 yaks
  5 slime creatures (D:12)
  3 wraiths
  6 wyverns
  A golden eye (shapeshifter) (D:13)
  Grum (D:9)
  A vampire mosquito (D:12)
  2 wargs (D:12)
  Edmund (D:6)
  Duvessa (D:7)
  An orc warrior (D:7)
  2 ice beasts
  A meliai simulacrum (D:12)
  4 ogres
  3 sky beasts (D:7)
  3 black bears
  4 wolves (D:9)
  9 centaurs
  A lemure (D:9)
  2 phantoms
  Blork the orc (D:6)
  3 kobold brigands
  2 bullfrogs
  A gnoll sergeant (D:10)
  A scorpion (D:6)
  9 wights
  Dowan (D:7)
  A ballistomycete (D:4)
  9 killer bees (D:9)
  4 electric eels (D:12)
  6 howler monkeys
  A lava snake (D:8)
  2 hounds
  4 jellies
  11 orc priests
  2 iguanas (D:5)
  10 orc wizards
  2 sleepcaps (D:6)
  Natasha (thrice) (D:3)
  A boggart simulacrum (D:12)
  11 gnolls
  7 adders
  5 white imps
  3 ufetubi
  3 worms
  36 orcs
  7 endoplasms
  3 giant cockroaches
  12 goblins
  8 hobgoblins
  3 jackals (D:4)
  6 quokkas
  7 ball pythons
  5 bats
  3 frilled lizards
  18 kobolds
  6 rats
  A ballistomycete spore (D:4)
308 creatures vanquished.

Vanquished Creatures (others)
  An orc priest (D:12)
  A gnoll (D:4)
  A white imp (D:12)
  2 ballistomycete spores (D:4)
5 creatures vanquished.

Grand Total: 313 creatures vanquished

Notes
Turn   | Place    | Note
-------+----------+-------------------------------------------
     0 | D:1      | gruber the Troll Shapeshifter began the quest for the Orb.
     0 | D:1      | Reached XP level 1. HP: 19/19 MP: 0/0
   122 | D:1      | Reached XP level 2. HP: 27/27 MP: 1/1
   204 | D:1      | Reached skill level 3 in Unarmed Combat
   225 | D:1      | Found Volun's Assorted Antiques.
   663 | D:2      | Reached XP level 3. HP: 33/33 MP: 2/2
   692 | D:2      | Found a hazy altar of Hepliaklqana.
   758 | D:2      | Reached skill level 4 in Unarmed Combat
  1025 | D:2      | Reached XP level 4. HP: 41/41 MP: 3/3
  1301 | D:3      | Found a radiant altar of Vehumet.
  1494 | D:3      | Reached skill level 5 in Unarmed Combat
  1547 | D:3      | Noticed Natasha
  1554 | D:3      | Killed Natasha
  1555 | D:3      | Reached XP level 5. HP: 44/48 MP: 4/4
  1586 | D:3      | Noticed Natasha
  1590 | D:3      | Killed Natasha
  1606 | D:3      | Reached skill level 6 in Unarmed Combat
  1619 | D:3      | Reached XP level 6. HP: 9/55 MP: 5/5
  1700 | D:3      | Noticed Natasha
  1704 | D:3      | Killed Natasha
  2282 | D:4      | Reached skill level 7 in Unarmed Combat
  2389 | D:4      | Reached XP level 7. HP: 61/62 MP: 6/6
  2432 | D:4      | Found Umuteh's Distillery.
  2984 | D:5      | Entered Level 5 of the Dungeon
  3048 | D:5      | Reached skill level 5 in Shapeshifting
  3084 | D:5      | Reached XP level 8. HP: 33/68 MP: 1/7
  3894 | D:5      | Found a staircase to the Ecumenical Temple.
  4034 | Temple   | Entered the Ecumenical Temple
  4359 | Temple   | Became a worshipper of Warmaster Okawaru
  4460 | D:6      | Noticed Grinder
  4467 | D:6      | Killed Grinder
  4512 | D:6      | Noticed Edmund
  4518 | D:6      | Killed Edmund
  4607 | D:6      | Reached * piety under Okawaru
  4615 | D:6      | Reached XP level 9. HP: 70/76 MP: 6/8
  4888 | D:6      | Reached ** piety under Okawaru
  4971 | D:6      | Reached skill level 8 in Unarmed Combat
  5198 | D:6      | Noticed Blork the orc
  5205 | D:6      | Killed Blork the orc
  5433 | D:7      | Noticed Dowan
  5434 | D:7      | Noticed Duvessa
  5439 | D:7      | Killed Dowan
  5445 | D:7      | Killed Duvessa
  5446 | D:7      | Reached skill level 9 in Unarmed Combat
  5501 | D:7      | Identified the +2 sling of the Evil Eye {speed, Int+2}
  5842 | D:7      | Reached skill level 10 in Unarmed Combat
  6249 | D:7      | Reached XP level 10. HP: 54/81 MP: 4/9
  6250 | D:7      | Reached *** piety under Okawaru
  6370 | D:8      | Noticed Gastronok
  6385 | D:8      | Killed Gastronok
  6386 | D:8      | Reached skill level 11 in Unarmed Combat
  6432 | D:8      | Found a staircase to the Lair.
  6433 | D:8      | Noticed an elephant
  6447 | D:8      | Killed an elephant
  6448 | D:8      | Reached skill level 12 in Unarmed Combat
  6566 | D:8      | Reached **** piety under Okawaru
  6754 | D:8      | Found a snail-covered altar of Cheibriados.
  7093 | D:9      | Noticed Pikel
  7100 | D:9      | Killed Pikel
  7101 | D:9      | Reached skill level 5 in Fighting
  7173 | D:9      | Reached XP level 11. HP: 104/104 MP: 10/10
  7328 | D:9      | Reached ***** piety under Okawaru
  7558 | D:9      | Noticed Grum
  7564 | D:9      | Killed Grum
  8118 | D:10     | Entered Level 10 of the Dungeon
  8346 | D:10     | Found Tatter's Book Shoppe.
  8359 | D:10     | Noticed a cyan ugly thing
  8365 | D:10     | Killed a cyan ugly thing
  8637 | D:11     | Found Vifi's Jewellery Emporium.
  8642 | D:11     | Noticed Psyche
  8648 | D:11     | Killed Psyche
  8797 | D:11     | Received a gift from Okawaru
  8950 | D:11     | Noticed Fannar
  8961 | D:11     | Killed Fannar
  9183 | D:11     | Reached skill level 1 in Invocations
  9295 | D:11     | Noticed a two-headed ogre
  9298 | D:11     | Killed a two-headed ogre
  9437 | D:12     | Noticed a boulder beetle
  9464 | D:12     | Killed a boulder beetle
  9611 | D:12     | Noticed a two-headed ogre
  9617 | D:12     | Killed a two-headed ogre
  9645 | D:12     | Noticed a two-headed ogre
  9649 | D:12     | Identified the +1 hat of the Catfish {rPois} (Okawaru
                  | gifted it to you on level 12 of the Dungeon)
  9649 | D:12     | Received a gift from Okawaru
  9650 | D:12     | Reached skill level 5 in Invocations
  9653 | D:12     | Killed a two-headed ogre
  9654 | D:12     | Reached XP level 12. HP: 98/122 MP: 8/15
  9842 | D:12     | Found a staircase to the Orcish Mines.
 10227 | D:12     | Got the Book of the Map and Accomplices
 10424 | D:12     | Noticed a centaur warrior
 10432 | D:12     | Killed a centaur warrior
 10510 | D:12     | Noticed a boulder beetle
 10520 | D:12     | Killed a boulder beetle
 10906 | D:13     | Found the dreamshard necklace {Acrobat *Dream}
 10911 | D:13     | Noticed an entropy weaver
 10928 | D:13     | HP: 1/146 [jumping spider (shapeshifter) (7)]
 10929 | D:13     | Succumbed to a green ugly thing's poison

Illustrated notes

Levels and vault maps discovered:
D:1:      nagdon_arrival_zigzag_paths, layout_loops_ring, serial_shops,
          nicolae_shop_rolling_square, chequers_serial_rivers_marsh,
          minmay_bisected
D:2:      layout_loops_ring, basic_altar
D:3:      layout_loops_ring, amcnicky_altar_gilded, serial_forest,
          infiniplex_forest_clump_long, infiniplex_forest_clump_small,
          infiniplex_forest_clump_double, infiniplex_forest_fountain,
          infiniplex_forest_lined_2, infiniplex_forest_end_1,
          serial_bayou_pond_d, kennysheep_generic_room_5, uniq_natasha
D:4:      layout_basic, serial_shops, nicolae_shop_peninsula
D:5:      layout_gridville, lemuel_temple_firewalk_b
D:6:      layout_loops_corners, minmay_statues_item, st_stairs_3, uniq_grinder,
          uniq_blork_the_orc, uniq_edmund
D:7:      layout_cave_pods, uniq_duvessa
D:8:      layout_basic, mainiacjoe_overflow_cross_hatched, david_lair_generic,
          kennysheep_minor_cross, uniq_gastronok
D:9:      layout_loops_corners, uniq_grum, uniq_pikel
D:10:     layout_basic, serial_shops, shop_statue
D:11:     layout_irregular_city, serial_shops, nicolae_stop_n_shop_2,
          uniq_fannar, uniq_psyche
D:12:     layout_layer_cave, erik_orc_4, serial_ice, serial_ice_j, serial_ice_h,
          serial_ice_f, serial_ice_a, serial_ice_o, serial_ice_g, st_stairs_3
D:13:     layout_roguey, david_vaults_2, dreamdust_mushroom_princess
Temple:   mainiacjoe_temple_cubbyholes

Skill      XL: |  1  2  3  4  5  6  7  8  9 10 11 12 |
---------------+-------------------------------------+-----
Unarmed Combat | 3 4 5 6 7 10 12 | 12.2
Shapeshifting  | 6 8 9 |  9.3
Fighting       | 5 8 |  8.6
Invocations    | 5 8 |  8.1
Dodging        | 3 |  3.1

Action                     |  1- 3 |  4- 6 |  7- 9 | 10-12 || total
---------------------------+-------+-------+-------+-------++-------
  Melee: Unarmed           |    71 |    97 |   188 |   314 ||   670
         Punch             |       |     1 |    10 |       ||    11
         Constrict         |       |       |    17 |    60 ||    77
   Fire: Sling             |       |       |       |     9 ||     9
 Invoke: Heroism           |       |       |       |     3 ||     3
  Evoke: Wand              |       |       |     1 |     1 ||     2
    Use: Scroll            |       |       |       |     2 ||     2
         Potion            |       |       |       |     2 ||     2
   Stab: Sleeping          |     1 |       |       |       ||     1
 Armour: Animal skin       |    21 |    26 |    21 |     4 ||    72
         Skin              |       |       |    30 |   108 ||   138
         Robe              |       |       |       |     3 ||     3
  Dodge: Dodged            |    34 |    40 |    52 |   129 ||   255
   Form: Beast             |     2 |       |       |     2 ||     4
                           |     2 |       |       |     1 ||     3
         Anaconda          |       |       |     1 |     2 ||     3

Table legend: (Time is in decaauts)
 A = Elapsed time spent in this place.
 B = Non-inter-level travel time spent in this place.
 C = Inter-level travel time spent in this place.
 D = Time resting spent in this place.
 E = Time spent auto-exploring this place.
 F = Levels seen in this place.
 G = Mean time per level.
                   A        B        C        D        E       F      G
               +--------+--------+--------+--------+--------+-----+--------+
         Total |  10826 |  10264 |    562 |    123 |   8484 |  14 |  773.3 |
       Dungeon |  10469 |   9974 |    495 |    123 |   8199 |  13 |  805.3 |
        Temple |    356 |    290 |     66 |      0 |    285 |   1 |  356.0 |
               +--------+--------+--------+--------+--------+-----+--------+

Top non-repeatable levels by time:
    D:12: 1334 daAuts
     D:5: 1094 daAuts
     D:9: 1017 daAuts
     D:3: 967 daAuts
     D:6: 931 daAuts
    D:11: 899 daAuts
     D:7: 890 daAuts
     D:8: 801 daAuts
     D:4: 754 daAuts
     D:1: 642 daAuts
     D:2: 604 daAuts
    D:10: 512 daAuts
  Temple: 356 daAuts
    D:13: 20 daAuts
